 Dungeon Crawl Stone Soup version 0.21.1-1-g345015f (webtiles) character file.

1533 VLARC the Destroyer (level 8, 0/57 HPs)
             Began as a Black Draconian Conjurer on Mar 20, 2018.
             Was a Believer of Sif Muna.
             Slain by an orc warrior
             ... wielding a +0 glaive
              (22 damage)
             ... on level 6 of the Dungeon.
             The game lasted 00:19:56 (8510 turns).

VLARC the Destroyer (Black Draconian Conjurer)      Turns: 8510, Time: 00:19:57

Health: 0/57       AC:  7    Str: 11    XL:     8   Next: 55%
Magic:  1/12       EV: 12    Int: 17    God:    Sif Muna [**....]
Gold:   251        SH:  0    Dex: 12    Spells: 2/13 levels left

rFire    . . .     SeeInvis .   s - +1 flail (holy)
rCold    . . .     Gourm    .   (no shield)
rNeg     . . .     Faith    .   (armour unavailable)
rPois    .         Spirit   .   (helmet restricted)
rElec    +         Reflect  .   (no cloak)
rCorr    .         Harm     .   (no gloves)
MR       .....                  m - +0 pair of boots
Stlth    ++........             (no amulet)
HPRegen  0.19/turn              (no ring)
MPRegen  0.13/turn              (no ring)

@: very slightly contaminated, drained, divine energy
A: breathe lightning, unfitting armour, electricity resistance, cold-blooded, AC
+6
a: Breathe Lightning, Stop Divine Energy, Renounce Religion


You were on level 6 of the Dungeon.
You worshipped Sif Muna.
Sif Muna was pleased with you.
You were hungry.

You visited 1 branch of the dungeon, and saw 6 of its levels.

You collected 251 gold pieces.

Inventory:

Hand Weapons
 s - a +1 flail of holy wrath (weapon)
Armour
 m - a +0 pair of boots (worn)
Jewellery
 a - a +4 ring of protection {unknown}
 g - an uncursed amulet of the gourmand {unknown}
 l - an uncursed ring of stealth {unknown}
Scrolls
 d - 5 scrolls of blinking
 e - 2 scrolls of teleportation
 j - 2 scrolls of remove curse
 k - 2 scrolls of amnesia
 t - 2 scrolls of identify
Potions
 b - 3 potions of curing {unknown}
 c - a potion of lignification
 h - 2 potions of berserk rage {unknown}
 i - 5 potions of heal wounds {unknown}
 n - a potion of magic {unknown}
 o - a potion of resistance {unknown}
 p - 2 potions of invisibility {unknown}
 q - a potion of cancellation {unknown}
 r - a potion of haste {unknown}
 u - a potion of degeneration {unknown}
 v - a potion of mutation {unknown}
Comestibles
 f - 11 rations


   Skills:
 - Level 1.7(1.4) Dodging
 - Level 1.7(1.4) Stealth
 + Level 3.0(2.7) Spellcasting
 - Level 11.0(10.7) Conjurations


You had 2 spell levels left.
You knew the following spells:

 Your Spells              Type           Power        Failure   Level  Hunger
a - Magic Dart            Conj           ####         1%          1    #......
b - Searing Ray           Conj           #####.       1%          2    ##.....
c - Iskenderun's Mystic   Conj           #####...     2%          4    #####..
d - Fulminant Prism       Conj/Hex       ###.......   21%         4    #####..


Dungeon Overview and Level Annotations

Branches:
Dungeon (6/15)             Temple (0/1) D:6

Altars:
Cheibriados
Fedhas
Sif Muna
Uskayaw
Wu Jian
Zin

Shops:
D:4 (   D:5 [

Annotations:
D:3 zin


Innate Abilities, Weirdness & Mutations

You can breathe wild blasts of lightning.
Your glossy black scales are hard. (AC +6)
You cannot fit into any form of body armour.
You are resistant to electric shocks. (rElec)
You are cold-blooded and may be slowed by cold attacks.


Message History

The orc warrior is moderately wounded.
Casting: Fulminant Prism
Confirm with . or Enter, or press ? or * to list all spells.
Aiming: Fulminant Prism
Press: ? - help, Dir - move target cursor You conjure a prism of explosive energy!
Your fulminant prism crackles loudly.
The orc warrior hits you from afar with a glaive!
Your fulminant prism explodes!
The blast of energy engulfs the orc warrior.
The orc warrior is severely wounded.
Evoke which item? (* to show all) (? for menu, Esc to quit)
Aiming: Polymorph
Press: ? - help, Shift-Dir - straight line, f - orc warrior
Aim: an orc warrior, wielding a glaive and wearing a chain mail (severely wounded, chance to defeat MR: 46%)
The orc warrior resists with some effort.
The now-empty wand crumbles to dust.
The orc warrior hits you with a glaive!
The orc warrior hits you from afar with a glaive!!
You die...

############# #...........#
### #...........# #..
#...........# #..
#...........# #..
#...........##################
#######.......................
#.......................
#......@.............#..
#....................#..
#######......o.............###
#.........###########.........
#.........# #.........
#.........# #.........
#.........# #.........
#.........# #.....)...
########### ###......#


You could see an orc warrior.

Vanquished Creatures
  Grinder (D:5)
  Menkaure (D:5)
  Dowan (D:5)
  A scorpion (D:6)
  5 wights
  2 crimson imps
  A bullfrog skeleton (D:5)
  A bullfrog zombie (D:5)
  A hound (D:3)
  2 jellies
  An orc priest (D:4)
  A centaur skeleton (D:5)
  4 orc wizards
  4 worker ants
  2 iguanas (D:4)
  A hound skeleton (D:5)
  14 gnolls
  7 adders
  2 oozes (D:4)
  An adder skeleton (D:4)
  3 worms
  3 dart slugs
  2 leopard geckos
  29 orcs
  4 ball pythons
  4 giant cockroaches
  5 goblins
  6 hobgoblins
  4 jackals
  12 kobolds
  2 quokkas
  A ball python skeleton (D:4)
  8 bats
  4 frilled lizards
  2 leopard gecko skeletons (D:4)
  7 rats
149 creatures vanquished.

Vanquished Creatures (others)
  6 fulminant prisms (D:6)
6 creatures vanquished.

Grand Total: 155 creatures vanquished

Notes
Turn   | Place    | Note
-------+----------+-------------------------------------------
     0 | D:1      | VLARC the Draconian Conjurer began the quest for the Orb.
     0 | D:1      | Reached XP level 1. HP: 14/14 MP: 3/3
   398 | D:1      | Reached XP level 2. HP: 20/20 MP: 3/5
   958 | D:1      | Reached skill level 5 in Conjurations
   958 | D:1      | Reached XP level 3. HP: 18/26 MP: 0/6
   962 | D:1      | Learned a level 2 spell: Searing Ray
  1304 | D:2      | Reached XP level 4. HP: 17/33 MP: 0/7
  1512 | D:2      | Found a snail-covered altar of Cheibriados.
  2312 | D:2      | Reached skill level 6 in Conjurations
  2522 | D:3      | Found a deep blue altar of Sif Muna.
  2534 | D:3      | Became a worshipper of Sif Muna the Loreminder
  2767 | D:3      | Reached XP level 5. HP: 30/38 MP: 1/8
  3015 | D:3      | Found a glowing silver altar of Zin.
  3192 | D:3      | Found a hide-covered altar of Uskayaw.
  3536 | D:4      | Reached skill level 7 in Conjurations
  3924 | D:4      | Reached XP level 6. HP: 39/45 MP: 9/9
  3953 | D:4      | Found Roroweow's Antique Weapon Shoppe.
  3969 | D:4      | Reached * piety under Sif Muna
  4198 | D:4      | HP: 2/45 [gnoll/spear (2)]
  4499 | D:4      | Learned a level 4 spell: Iskenderun's Mystic Blast
  4503 | D:4      | Reached skill level 8 in Conjurations
  4777 | D:5      | Entered Level 5 of the Dungeon
  4973 | D:5      | Your scales start taking on a glossy black colour.
  4973 | D:5      | Reached XP level 7. HP: 45/50 MP: 5/10
  4973 | D:5      | Gained mutation: You are resistant to electric shocks. (rElec) [Black Draconian growth]
  5007 | D:5      | Noticed Grinder
  5263 | D:5      | Noticed Menkaure
  5270 | D:5      | Killed Menkaure
  5270 | D:5      | Reached skill level 9 in Conjurations
  5737 | D:5      | Reached ** piety under Sif Muna
  5867 | D:5      | Paralysed by Grinder for 6 turns
  5882 | D:5      | Paralysed by Grinder for 3 turns
  5891 | D:5      | Killed Grinder
  6040 | D:5      | Reached skill level 10 in Conjurations
  6045 | D:5      | Noticed Duvessa
  6071 | D:5      | Noticed Dowan
  6142 | D:5      | Noticed Duvessa
  6142 | D:5      | Duvessa changed into Duvessa the worker ant
  6157 | D:5      | Killed Duvessa the worker ant
  6157 | D:5      | Reached XP level 8. HP: 19/57 MP: 5/11
  6444 | D:5      | Killed Dowan
  6524 | D:5      | Found Futrukh's Antique Armour Shoppe.
  6744 | D:5      | Found an ornate altar of the Wu Jian Council.
  7311 | D:6      | Learned a level 4 spell: Fulminant Prism
  7762 | D:6      | Reached skill level 11 in Conjurations
  8026 | D:6      | Found a blossoming altar of Fedhas.
  8251 | D:6      | Found a staircase to the Ecumenical Temple.
  8510 | D:6      | Slain by an orc warrior

Skill      XL: |  1  2  3  4  5  6  7  8 |
---------------+-------------------------+-----
Conjurations   | 5 6 7 8 10 11 | 11.0
Spellcasting   | 3 |  3.0
Dodging        | |  1.7
Stealth        | |  1.7

Action                   |  1- 3 |  4- 6 |  7- 9 || total
-------------------------+-------+-------+-------++-------
Melee: Unarmed           |    16 |       |     1 ||    17
       Tailslap          |     1 |    11 |     9 ||    21
       Flail             |     6 |   135 |    87 ||   228
 Cast: Magic Dart        |    57 |    75 |    36 ||   168
       Searing Ray       |     1 |    13 |    17 ||    31
       Iskenderun's Myst |       |       |     3 ||     3
       Fulminant Prism   |       |       |     6 ||     6
Invok: Divine Energy     |       |     1 |       ||     1
 Abil: Breathe Lightning |       |       |     3 ||     3
Evoke: Wand              |       |       |     3 ||     3
  Use: Scroll            |       |     9 |     1 ||    10
 Stab: Sleeping          |       |     2 |       ||     2
       Distracted        |       |     1 |       ||     1
  Eat: Chunk             |     1 |    15 |     8 ||    24
       Ration            |       |       |     2 ||     2
Armor: Skin              |     9 |    51 |    57 ||   117
Dodge: Dodged            |    28 |   114 |   118 ||   260
